 Dungeon Crawl Stone Soup version 0.29.0-7-g18a832c13a (webtiles) character file.

Game seed: 3620048395184969589

10 JEDS the Digger (level 2, 24/24 HPs)
             Began as a Troll Earth Elementalist on Aug 31, 2022.
             Quit the game on level 1 of the Dungeon.
             The game lasted 00:10:23 (449 turns).

JEDS the Digger (Troll Earth Elementalist)           Turns: 449, Time: 00:10:24

Health: 24/24      AC:  4    Str: 15    XL:     2   Next: 10%
Magic:  3/3        EV:  9    Int: 11    God:
Gold:   36         SH:  0    Dex: 10    Spells: 2/3 levels left

rFire   . . .      SeeInvis .   (no weapon)
rCold   . . .      Faith    .   (no shield)
rNeg    . . .      Spirit   +   a - +0 robe
rPois   .          Reflect  .   (helmet restricted)
rElec   .          Harm     .   (no cloak)
rCorr   .          Rampage  .   (gloves unavailable)
Will    .....                   (boots unavailable)
Stlth   +.........              d - amulet of guardian spirit
HPRegen 0.88/turn               (no ring)
MPRegen 0.08/turn               (no ring)

@: no status effects
A: large, unfitting armour, claws 3, regeneration 1, shaggy fur 1, tough skin 1
a: no special abilities


You were on level 1 of the Dungeon.
You visited 1 branch of the dungeon, and saw 1 of its levels.

You collected 36 gold pieces.

Inventory:

Armour
 a - a +0 robe (worn)
 c - a +0 helmet
Jewellery
 d - an amulet of guardian spirit (around neck)
Scrolls
 g - a scroll of teleportation {unknown}
Potions
 b - a potion of magic
 e - a potion of curing {unknown}
 f - a potion of lignification {unknown}


   Skills:
 + Level 1.7 Dodging
 + Level 1.1 Stealth
 * Level 1.4 Spellcasting
 + Level 0.8 Transmutations
 * Level 2.9 Earth Magic


You had 2 spell levels left.
You knew the following spells:

 Your Spells              Type           Power      Damage    Failure   Level
a - Sandblast             Erth           14%        2d6       10%         1

Your spell library contained the following spells:

 Spells                   Type           Power      Damage    Failure   Level
 Passwall                 Tmut/Erth      3%         N/A       22%         2
 Apportation              Tloc           0%         N/A       30%         1
 Magic Dart               Conj           0%         1d3       30%         1
 Necrotise                Necr           0%         1d4       30%         1
 Summon Small Mammal      Summ           0%         N/A       30%         1
 Call Imp                 Summ           0%         N/A       43%         2
 Stone Arrow              Conj/Erth      6%         3d7       45%         3
 Mephitic Cloud           Conj/Pois/Air  0%         N/A       67%         3
 Petrify                  Tmut/Erth      4%         N/A       82%         4


Dungeon Overview and Level Annotations

Branches:
Dungeon (1/15)

Altars:


Innate Abilities, Weirdness & Mutations

You are too large for most types of armour.
You have claws for hands.
Your natural rate of healing is unusually fast.
You are covered in fur. (AC +1)
You have tough skin. (AC +1)


Message History

(D) Dungeon
Where to? (Enter - D:1 @ (x,y), ? - help)
Okay, then.
A bat is nearby!
Okay, then.
You're too inexperienced to learn that spell!
Memorise Passwall, consuming 2 spell levels and leaving 0? [Y]es or [N]o only, please.
Memorise Passwall, consuming 2 spell levels and leaving 0? [Y]es or [N]o only, please.
Memorise Passwall, consuming 2 spell levels and leaving 0? [Y]es or [N]o only, please.
Memorise Passwall, consuming 2 spell levels and leaving 0?
The bat barely misses you.
You start memorising the spell.
You continue memorising.
The bat hits you but does no damage.
Your memorisation is interrupted.
The bat hits you but does no damage. x2
A bat is nearby!
The bat closely misses you.
You closely miss the bat. The bat hits you.
You scratch the bat but do no damage. The bat hits you but does no damage.
You closely miss the bat. The bat hits you but does no damage.
You scratch the bat.
The bat is heavily wounded.
The bat hits you but does no damage.
You closely miss the bat.
The bat is heavily wounded.
The bat hits you. x2; The bat hits you but does no damage.
You scratch the bat.
You kill the bat!
No target in view!
You start resting.
HP restored.
You see here a bat corpse.
You see here a +0 hand axe.
(D) Dungeon
Where to? (Enter - D:1 @ (x,y), ? - help)
Okay, then.
Unknown command.
Unknown command.
Are you sure you want to abandon this character and quit the game? (Confirm with "yes".)

............. ......##.# ##......
............. #.##..##.# #.......
.....###.#.#.##.....##.###.......
.....###.#.........##......#.####
.......#.###...........#####.#
............#.#.....##.## #.#
.........##.#..†........####.#
####......#.#.............##.#
.####.....#))...@.......#.##.#
...##...#.##.....##..####..#.#
##.##...#........#....####...#
#.......................##..#
#######.#............##..#..#
#.###.##.#.....# ..#.#
#.##..##.##....# #.###
#..#.###.##...[. .... .....
..##....##... .


There were no monsters in sight!

Vanquished Creatures
  2 hobgoblins (D:1)
  3 kobolds (D:1)
  A ball python (D:1)
  2 bats (D:1)
  2 frilled lizards (D:1)
  A rat (D:1)
11 creatures vanquished.

Notes
Turn   | Place    | Note
-------+----------+-------------------------------------------
     0 | D:1      | JEDS the Troll Earth Elementalist began the quest for the
                  | Orb.
     0 | D:1      | Reached XP level 1. HP: 16/16 MP: 1/1
     5 | D:1      | Found a faded altar of an unknown god.
   353 | D:1      | Reached XP level 2. HP: 24/24 MP: 3/3
   449 | D:1      | Quit the game

Illustrated notes

Levels and vault maps discovered:
D:1:      amcnicky_arrival_blooded_trapdoor, layout_rooms,
          basic_ecumenical_altar

Action                   || total
-------------------------++-------
Melee: Unarmed           ||    42
  Use: Scroll            ||     1
Armor: Robe              ||    23
Dodge: Dodged            ||    26
